 Dungeon Crawl Stone Soup version 0.21-a0-163-g3aa3f5d (webtiles) character file.

22391 terra52 the Archer (level 12, -25/107 HPs)
             Began as a Centaur Fighter on Aug 4, 2017.
             Was an Initiate of Gozag.
             Killed from afar by Frances (51 damage)
             ... with an iron shot
             ... on level 12 of the Dungeon.
             The game lasted 00:42:42 (16261 turns).

terra52 the Archer (Centaur Fighter)               Turns: 16261, Time: 00:42:42

Health: -25/107    AC: 17    Str: 25    XL:     12   Next: 62%
Magic:  0/21       EV: 12    Int:  7    God:    Gozag
Gold:   840        SH:  0    Dex: 18    Spells: 11/11 levels left

rFire    . . .     SeeInvis .   N - +6 shortbow "Esinlim" {flame, rN+}
rCold    . . .     Gourm    .   (shield currently unavailable)
rNeg     + . .     Faith    .   j - +4 ring mail
rPois    .         Spirit   +   P - +2 helmet
rElec    .         Reflect  .   y - +2 cloak
rCorr    .         Harm     .   (no gloves)
MR       .....                  (no barding)
Stlth    +.........             K - amulet of guardian spirit
HPRegen  0.27/turn              s - ring of magical power
MPRegen  0.17/turn              c - +5 ring of dexterity

@: mighty, hasted, very quick
A: hooves 3, deformed body, speed 2, tough skin 3
a: Potion Petition, Call Merchant, Bribe Branch, Renounce Religion


You were on level 12 of the Dungeon.
You worshipped Gozag.
Gozag was pleased with you.
You were not hungry.

You visited 4 branches of the dungeon, and saw 16 of its levels.

You collected 2812 gold pieces.
You spent 429 gold pieces at shops.
You paid 1543 gold pieces to Gozag.

Inventory:

Hand Weapons
 a - a +0 long sword
 J - a +1 great sword
 N - the +6 shortbow "Esinlim" (weapon) {flame, rN+}
   (You bought it in a shop on level 9 of the Dungeon)

   It causes projectiles fired from it to burn those they strike, causing extra
   injury to most foes and up to half again as much damage against particularly
   susceptible opponents.
   It protects you from negative energy.
Missiles
 v - 15 tomahawks
 I - 89 arrows (quivered)
Armour
 j - a +4 ring mail (worn)
 y - a +2 cloak (worn)
 P - a +2 helmet (worn)
Jewellery
 c - a +5 ring of dexterity (right hand)
 i - an uncursed ring of protection from cold
 s - a ring of magical power (left hand)
 A - an uncursed amulet of faith {unknown}
 K - an amulet of guardian spirit (around neck)
 M - a +4 ring of intelligence
Wands
 b - a wand of enslavement (5/24)
 g - a wand of disintegration (5/24)
 G - a wand of polymorph (16/24)
 O - a wand of paralysis (7/24)
Scrolls
 e - 12 scrolls of identify
 k - 5 scrolls of remove curse
 n - 9 scrolls of teleportation
 q - 2 scrolls of fear {unknown}
 r - 4 scrolls of enchant weapon
 t - 7 scrolls of magic mapping
 w - 2 scrolls of recharging {unknown}
 x - a scroll of random uselessness {unknown}
 D - a scroll of amnesia {unknown}
 L - 2 scrolls of fog {unknown}
 R - a scroll of noise {unknown}
 V - a scroll of immolation {unknown}
 Y - a scroll of enchant armour
Potions
 d - 2 potions of might
 m - 3 potions of curing
 o - 2 potions of brilliance
 p - a potion of resistance
 u - 4 potions of lignification
 C - 4 potions of haste
 F - 3 potions of heal wounds
 H - a potion of magic
 U - a potion of invisibility {unknown}
 W - a potion of cancellation
 Z - a potion of agility {unknown}
Books
 z - a Young Poisoner's Handbook

   Spells                             Type                      Level
   a - Sting                          Conjuration/Poison           1
   b - Poisonous Vapours              Poison/Air                   2
   c - Mephitic Cloud                 Conjuration/Poison/Air       3
   d - Olgreb's Toxic Radiance        Poison                       4
   e - Venom Bolt                     Conjuration/Poison           5
 B - a book of Maledictions

   Spells                             Type                      Level
   a - Corona                         Hexes                        1
   b - Ensorcelled Hibernation        Hexes/Ice                    2
   c - Confuse                        Hexes                        3
   d - Tukima's Dance                 Hexes                        3
   e - Dazzling Spray                 Conjuration/Hexes            3
 E - a book of Power

   Spells                             Type                      Level
   a - Iskenderun's Battlesphere      Conjuration/Charms           5
   b - Venom Bolt                     Conjuration/Poison           5
   c - Bolt of Magma                  Conjuration/Fire/Earth       5
   d - Iron Shot                      Conjuration/Earth            6
   e - Orb of Destruction             Conjuration                  7
   f - Spellforged Servitor           Conjuration/Summoning        7
Miscellaneous
 X - a phial of floods (inert)
Comestibles
 f - 8 bread rations
 h - 2 royal jellies
 l - 27 fruits


   Skills:
 * Level 10.4 Fighting
 + Level 11.2 Long Blades
 * Level 12.0 Bows
 + Level 1.4 Throwing
 + Level 6.1 Armour
 + Level 4.7 Dodging
 + Level 1.5 Stealth
   Level 3.8 Shields
 + Level 0.1 Evocations


You had 11 spell levels left.
You didn't know any spells.

Dungeon Overview and Level Annotations

Branches:
Dungeon (12/15)            Temple (1/1) D:4            Lair (2/6) D:11
    Orc (1/2) D:11
  Swamp: Lair:2-4    Shoals: Lair:2-4     Snake: Lair:2-4    Spider: Lair:2-4

Altars:
Ashenzari
Dithmenos
Elyvilon
Fedhas
Gozag
Hepliaklqana
Kikubaaqudgha
Makhleb
Nemelex Xobeh
Okawaru
Qazlal
Ru
Sif Muna
Trog
Uskayaw
Vehumet
Wu Jian
Xom
Yredelemnul
Zin
The Shining One
Beogh

Shops:
D:9 *   D:12 *

Annotations:
D:6 handsome's ghost, novice KoGl
D:12 Frances


Innate Abilities, Weirdness & Mutations

You have hooves in place of feet.
Armour fits poorly on your strangely shaped body.
You cover ground very quickly.
You have extremely tough skin. (AC +3)


Message History

Firing (i - inventory. (,) - cycle):
I - 91 arrows (quivered)
Press: ? - help, Shift-Dir - straight line, f/p - Frances
Aim: Frances, wielding a battleaxe and wearing a glowing chain mail (almost dead, fast)
You shoot an arrow. The arrow hits Frances.
The arrow burns Frances.
Frances is almost dead.
Firing (i - inventory. (,) - cycle):
I - 90 arrows (quivered)
Press: ? - help, Shift-Dir - straight line, f/p - Frances
Aim: Frances, wielding a battleaxe and wearing a glowing chain mail (almost dead, fast)
You shoot an arrow. The arrow hits Frances.
The arrow burns Frances.
Frances is almost dead.
Frances whispers indecipherable words.
The iron shot misses you. The sun demon hits you!
* * * LOW HITPOINT WARNING * * *
You are engulfed in flames!!
* * * LOW HITPOINT WARNING * * *
You feel much better.
Frances screams a word of power!
The iron shot hits you!
You die...
Your body crumbles into a pile of gold.

.....#..# #.....#
.....#..# #....)#
######..# #+#.....#
......(.#####.......###
......................#
......................#
......######..........#
......# #..........#
......# #....@.....#
......# #....3.....#
......######......@...#
.................4....#
....................(.#
..................3...#
...........###........#
.....#####.# ####...((#
.....# #.# #..(..#


You could see Frances, a soul eater, a sun demon and a red devil.

Vanquished Creatures
  Snorg (D:12)
  3 hydras
  3 two-headed ogres
  2 orc knights
  An orc sorcerer (D:11)
  3 ugly things
  2 cyclopes
  Maurice (D:12)
  The ghost of SmilinJack the Bolt Thrower, a novice KoAM (D:5)
  Psyche (D:8)
  Joseph (D:8)
  A gargoyle (D:12)
  A kobold demonologist (Lair:1)
  3 spiny frogs
  A komodo dragon (Lair:1)
  A rime drake (Lair:1)
  2 trolls
  2 shadows (D:11)
  A wyvern (Lair:2)
  12 yaks
  2 hungry ghosts
  2 basilisks (Lair:1)
  Menkaure (D:5)
  A warg (Orc:1)
  3 soldier ants (Lair:2)
  3 water moccasins
  3 porcupines
  A black bear (D:9)
  6 orc warriors
  3 phantoms
  3 sky beasts
  2 necrophages
  3 ice beasts
  3 centaurs
  3 wolves (Lair:1)
  4 crocodiles
  7 ogres
  2 big kobolds
  9 bullfrogs
  A gnoll sergeant (D:8)
  2 wyvern skeletons
  33 killer bees
  An electric eel (Lair:2)
  3 howler monkeys (D:9)
  3 crimson imps (D:9)
  A quasit (D:9)
  A centaur zombie (D:12)
  2 jellies
  2 centaur skeletons
  7 orc priests
  A hound (D:5)
  Crazy Yiuf (D:3)
  3 bullfrog skeletons
  2 iguanas (D:9)
  9 worker ants
  5 orc wizards
  A howler monkey skeleton (D:6)
  11 adders
  9 gnolls
  3 shadow imps
  4 oozes
  2 adder skeletons
  4 worms
  3 dart slugs
  10 leopard geckos
  38 orcs
  A ball python (D:2)
  8 giant cockroaches
  9 goblins
  8 hobgoblins
  3 jackals (D:2)
  6 quokkas
  8 bats
  10 frilled lizards
  21 kobolds
  A quokka zombie (D:7)
  27 rats
368 creatures vanquished.

Vanquished Creatures (others)
  A quokka (D:3)
  A fungus (Lair:1)
2 creatures vanquished.

Grand Total: 370 creatures vanquished

Notes
Turn   | Place    | Note
-------+----------+-------------------------------------------
     0 | D:1      | terra52 the Centaur Fighter began the quest for the Orb.
     0 | D:1      | Reached XP level 1. HP: 19/19 MP: 1/1
   119 | D:1      | Reached XP level 2. HP: 25/26 MP: 2/2
   687 | D:2      | Reached XP level 3. HP: 30/31 MP: 3/3
   696 | D:2      | Found an iron altar of Okawaru.
   705 | D:2      | Found a radiant altar of Vehumet.
   707 | D:2      | Found a shadowy altar of Dithmenos.
  1016 | D:2      | Reached XP level 4. HP: 31/39 MP: 4/4
  1534 | D:2      | Reached XP level 5. HP: 46/46 MP: 5/5
  1587 | D:3      | Found a runed door.
  1593 | D:3      | Noticed Crazy Yiuf
  1598 | D:3      | Killed Crazy Yiuf
  1944 | D:3      | Reached skill level 1 in Dodging
  2249 | D:3      | Found a white marble altar of Elyvilon.
  2512 | D:4      | Reached XP level 6. HP: 52/52 MP: 6/6
  2552 | D:4      | Found a staircase to the Ecumenical Temple.
  2561 | Temple   | Entered the Ecumenical Temple
  2613 | Temple   | Became a worshipper of Gozag Ym Sagoz the Greedy
  2957 | D:4      | Noticed a moth of wrath
  2960 | D:4      | Found a bloodstained altar of Trog.
  3051 | D:5      | Entered Level 5 of the Dungeon
  3328 | D:5      | Reached XP level 7. HP: 58/58 MP: 7/7
  3390 | D:5      | Found a blossoming altar of Fedhas.
  3398 | D:5      | Noticed SmilinJack's ghost (novice KoAM)
  3424 | D:5      | Killed SmilinJack's ghost
  3424 | D:5      | Reached skill level 5 in Long Blades
  3424 | D:5      | Reached skill level 1 in Throwing
  4072 | D:5      | Noticed Menkaure
  4100 | D:5      | Killed Menkaure
  4100 | D:5      | Reached XP level 8. HP: 67/67 MP: 8/8
  4582 | D:6      | Noticed handsome's ghost (novice KoGl)
  5597 | D:7      | Found a shimmering altar of Xom.
  5597 | D:7      | Found an ornate altar of the Wu Jian Council.
  5649 | D:7      | Reached skill level 1 in Bows
  5651 | D:7      | Paralysed by fainting for 10 turns
  5786 | D:7      | Reached skill level 2 in Bows
  6048 | D:7      | Reached skill level 5 in Fighting
  6575 | D:8      | Reached skill level 3 in Bows
  6852 | D:8      | Reached XP level 9. HP: 56/74 MP: 9/9
  6927 | D:8      | Noticed Psyche
  6989 | D:8      | Noticed a two-headed ogre
  7185 | D:9      | Reached skill level 4 in Bows
  7372 | D:9      | Bought a slimy shortbow for 176 gold pieces
  7372 | D:9      | Identified the +6 shortbow "Esinlim" {flame, rN+} (You bought it in a shop on level 9 of the Dungeon)
  7894 | D:9      | Found a glowing golden altar of the Shining One.
  8130 | D:9      | Reached skill level 5 in Bows
  8299 | D:8      | Noticed Joseph
  8316 | D:8      | Killed Joseph
  8660 | D:8      | Killed a two-headed ogre
  8660 | D:8      | Reached skill level 6 in Bows
  8660 | D:8      | Reached XP level 10. HP: 84/84 MP: 10/10
  9111 | D:8      | Killed Psyche
  9111 | D:8      | Reached skill level 7 in Bows
  9111 | D:8      | Reached skill level 5 in Armour
  9688 | D:9      | Bought a twisted chain mail for 209 gold pieces
  9688 | D:9      | Bought a scroll labeled CEIGHO VASOI for 22 gold pieces
  9688 | D:9      | Bought a scroll labeled IDOR WAXUHIPS for 22 gold pieces
  9688 | D:9      | Identified the cursed +0 chain mail "Kinkuca" {rC- Dex+7} (You bought it in a shop on level 9 of the Dungeon)
  9720 | D:10     | Entered Level 10 of the Dungeon
 10734 | D:11     | Noticed a four-headed hydra
 10741 | D:10     | Reached skill level 8 in Bows
 11001 | D:11     | Noticed a white ugly thing
 11001 | D:11     | Noticed a green ugly thing
 11445 | D:11     | Found a staircase to the Lair.
 11451 | Lair:1   | Entered Level 1 of the Lair of Beasts
 11560 | Lair:1   | Noticed a five-headed hydra
 11597 | Lair:1   | Killed a five-headed hydra
 11597 | Lair:1   | Reached XP level 11. HP: 80/94 MP: 11/11
 11903 | Lair:1   | Reached skill level 9 in Bows
 12456 | Lair:2   | Noticed a four-headed hydra
 12479 | Lair:2   | Killed a four-headed hydra
 12594 | Lair:2   | Reached skill level 1 in Stealth
 12820 | Lair:2   | Reached skill level 10 in Bows
 13716 | D:11     | Killed a green ugly thing
 13931 | D:11     | Killed a white ugly thing
 13931 | D:11     | Reached skill level 10 in Long Blades
 13942 | D:11     | Killed a four-headed hydra
 13990 | D:11     | Noticed a two-headed ogre
 14006 | D:11     | Killed a two-headed ogre
 14177 | D:11     | Reached XP level 12. HP: 105/105 MP: 12/12
 14486 | D:11     | Reached skill level 11 in Bows
 14753 | D:11     | Found a roughly hewn altar of Beogh.
 14753 | D:11     | Found a staircase to the Orcish Mines.
 15228 | Orc:1    | Entered Level 1 of the Orcish Mines
 15419 | Orc:1    | Reached skill level 10 in Fighting
 15423 | Orc:1    | Noticed an orc warlord
 15778 | D:12     | Noticed Maurice
 15785 | D:12     | Noticed Snorg
 15790 | D:12     | Killed Maurice
 16045 | D:12     | Noticed a two-headed ogre
 16053 | D:12     | Killed a two-headed ogre
 16180 | D:12     | Killed Snorg
 16180 | D:12     | Reached skill level 12 in Bows
 16211 | D:12     | Noticed Frances
 16261 | D:12     | Killed from afar by Frances

Vault maps used:
D:1:      dpeg_arrival_houses_and_road
D:2:      kennysheep_six_static_rooms, grunt_temple_overflow_open,
          minmay_rat_hole
D:3:      elyvilon_altar_4, uniq_crazy_yiuf_cottage
D:4:      tgw_trog, minmay_temple_entry_glassed_door, first_bread,
          grunt_decor_cap
D:5:      serial_park_tiny_2, minmay_misc_feat_encased, fedhas_altar_2,
          uniq_menkaure
D:6:      uniq_eustachio
D:7:      amethyst_overflow_temple_binary, serial_co_window_serial,
          co_window_corner_a, co_window_paths_a, co_window_of_opportunity_a,
          co_window_corner_a, co_window_paths_a, co_window_corner_cb,
          co_window_2corner, co_window_broadway_a, co_window_4corner_b,
          co_window_sun, glass_columns_b, corexii_corridor_pit, minivault_10
D:8:      minmay_misc_feat_room, blue_anna_alchemist, minmay_misc_feat_x,
          grunt_ministairs_10, uniq_psyche, uniq_joseph
D:9:      lemuel_crystal_altar
D:11:     lair_entry_dummy, david_orc_5
D:12:     uniq_maurice, uniq_frances, uniq_snorg
Temple:   eino_temple_water
Lair:2:   wad_woods_antlair

Skill      XL: |  1  2  3  4  5  6  7  8  9 10 11 12 |
---------------+-------------------------------------+-----
Long Blades    | 2 3 4 5 6 8 9 10 11 | 11.2
Shields        | 3 |  3.8
Dodging        | 1 2 3 4 |  4.7
Armour         | 3 4 5 6 |  6.1
Fighting       | 4 5 6 8 9 10 | 10.4
Throwing       | 1 |  1.4
Bows           | 3 6 8 10 12 | 12.0
Stealth        | 1 |  1.5
Evocations     | |  0.1

Action                   |  1- 3 |  4- 6 |  7- 9 | 10-12 || total
-------------------------+-------+-------+-------+-------++-------
Melee: Long sword        |    96 |   240 |   137 |       ||   473
       Kick              |    18 |    55 |    85 |   158 ||   316
       Great sword       |       |       |   161 |   452 ||   613
 Fire: Shortbow          |       |       |    38 |   245 ||   283
Throw: Tomahawk          |       |     4 |       |     1 ||     5
Invok: Call Merchant     |       |       |     1 |     1 ||     2
Evoke: Wand              |       |       |     1 |     1 ||     2
       Phial of floods   |       |       |       |     1 ||     1
  Use: Potion            |       |     2 |     5 |     8 ||    15
       Scroll            |       |       |     2 |    11 ||    13
 Stab: Distracted        |       |       |       |     5 ||     5
  Eat: Chunk             |       |     6 |       |       ||     6
       Meat ration       |       |     1 |     1 |     2 ||     4
       Royal jelly       |       |       |     5 |     4 ||     9
       Fruit             |       |       |       |     1 ||     1
Armor: Scale mail        |     2 |       |       |       ||     2
       Ring mail         |    36 |   161 |   206 |   345 ||   748
       Skin              |       |       |     8 |       ||     8
Dodge: Dodged            |    24 |    67 |   143 |   360 ||   594
Block: Shield            |    41 |   130 |    41 |       ||   212
       Rpst.: Long sword |     8 |    16 |     7 |       ||    31
       Great sword       |       |       |    31 |    87 ||   118
